 Dungeon Crawl Stone Soup version 0.27.0-1-g7a089689b8 (webtiles) character file.

Game seed: 7954438949778584745

88 SkeletonJelly the Slasher (level 4, 0/24 (39) HPs)
             Began as a Minotaur Monk on Aug 4, 2021.
             Was a Believer of Trog.
             Slain by Ijyb (6 damage)
             ... on level 3 of the Dungeon.
             The game lasted 00:03:08 (1932 turns).

SkeletonJelly the Slasher (Minotaur Monk)           Turns: 1932, Time: 00:03:09

HP:   0/24 (39)     AC:  6    Str: 16    XL:     4   Next: 30%
MP:   3/3           EV: 10    Int:  7    God:    Trog [**....]
Gold: 80            SH:  0    Dex: 13    Spells: 3/3 levels left

rFire    . . .     SeeInvis .   a - +0 falchion
rCold    . . .     Faith    .   (no shield)
rNeg     . . .     Spirit   .   f - +0 scale mail
rPois    .         Reflect  .   (helmet restricted)
rElec    .         Harm     .   (no cloak)
rCorr    .         Rampage  .   (no gloves)
Will     .....                  (no boots)
Stlth    ..........             (no amulet)
HPRegen  0.08/turn              (no ring)
MPRegen  0.08/turn              (no ring)

@: confused, on berserk cooldown, slowed, very heavily drained, very slow
A: horns 2, retaliatory headbutt
a: Renounce Religion, Berserk, Trog's Hand


You were on level 3 of the Dungeon.
You worshipped Trog.
Trog was pleased with you.
You visited 1 branch of the dungeon, and saw 3 of its levels.

You collected 80 gold pieces.

Inventory:

Hand Weapons
 a - a +0 falchion (weapon)
Missiles
 e - 3 javelins (quivered)
Armour
 b - a +0 robe
 f - a +0 scale mail (worn)
Scrolls
 c - a scroll of identify {unknown}
Potions
 d - a potion of resistance {unknown}
 g - a potion of mutation {unknown}


   Skills:
 - Level 3.6 Fighting
 + Level 6.2 Long Blades
 - Level 3.2 Dodging
 - Level 1.5 Stealth


You had 3 spell levels left.
You didn't know any spells.
Your spell library contained the following spells:

 Spells                   Type           Power      Damage    Failure   Level
 Stone Arrow              Conj/Erth      0%         3d7       99%         3
 Bolt of Magma            Conj/Fire/Erth 0%         4d4       100%        5
 Shatter                  Erth           0%         3d5*      100%        9


Dungeon Overview and Level Annotations

Branches:
Dungeon (3/15)

Altars:
Kikubaaqudgha
Trog

Portals:
Sewer: D:3

Annotations:
D:3 Ijyb


Innate Abilities, Weirdness & Mutations

You have a pair of horns on your head.
You reflexively headbutt those who attack you in melee.


Message History

No target in view!
No target in view!
A river rat comes into view.
Ijyb the Twisted Goblin comes into view.
She is wielding a +4 dagger of draining, wearing a +2 ring mail of cold resistance and carrying a wand of charming (5).
Ijyb zaps a wand.
Your will is overpowered!
You are confused.
Found a book of Dreams.
The river rat bites you but does no damage.
Okay, then.
You hit the river rat. You headbutt the river rat.
The river rat is heavily wounded.
The river rat barely misses you.
You miss the river rat.
The river rat is heavily wounded.
You feel less confused. The river rat bites you.
You hit the river rat but do no damage.
The river rat is heavily wounded.
The river rat closely misses you. Ijyb screams, "Me stronger than you!"
You completely miss the river rat. You headbutt the river rat.
The river rat is almost dead.
The river rat closely misses you.
A red film seems to cover your vision as you go berserk!
You feel yourself moving faster!
You feel mighty! The river rat barely misses you.
You closely miss Ijyb. The river rat barely misses you.
You furiously retaliate!
You headbutt the river rat!
You kill the river rat!
Trog accepts your kill.
You completely miss Ijyb. Ijyb closely misses you.
You riposte.
You hit Ijyb. You headbutt Ijyb, but do no damage.
Ijyb is lightly wounded.
You closely miss Ijyb. You headbutt Ijyb, but do no damage.
Ijyb is lightly wounded.
Ijyb zaps a wand.
Your will is overpowered!
You are confused.
You hit Ijyb. Your headbutt misses Ijyb.
Ijyb is moderately wounded.
Ijyb screams, "Me kill you!" Ijyb barely misses you.
You feel a strong urge to attack something.
Ijyb screams, "Level is mine!
All mine!"
You're too confused to move!
Ijyb zaps a wand.
Your will is overpowered!
You are more confused.
You're too confused to move!
You feel your anger nearly subside.
You are no longer berserk.
You are exhausted.
You feel yourself slow down.
You're too confused to move!
Ijyb hits you with a +4 dagger of draining.
You feel drained.
You hit Ijyb. You headbutt Ijyb.
Ijyb is severely wounded.
Ijyb hits you with a +4 dagger of draining.
You feel drained. Ijyb hits you but does no damage.
You feel drained.
You barely miss Ijyb. Your headbutt misses Ijyb.
Ijyb is severely wounded.
Ijyb hits you with a +4 dagger of draining.
You feel drained.
You hear the slow rusting of a drain.
You feel less confused. Ijyb hits you but does no damage.
You feel drained.
You closely miss Ijyb.
Ijyb is severely wounded.
Ijyb hits you with a +4 dagger of draining.
You feel drained.
You hit Ijyb but do no damage.
Ijyb is severely wounded.
Ijyb hits you with a +4 dagger of draining!
You feel drained.
Ijyb hits you with a +4 dagger of draining.
You feel drained.
You hit Ijyb but do no damage.
Ijyb is severely wounded.
Ijyb zaps a wand.
Your will is overpowered!
You are confused.
Ijyb zaps a wand.
Your will is overpowered!
You are more confused.
The now-empty wand crumbles to dust.
You bump into the rock wall.
Ijyb hits you with a +4 dagger of draining.
You feel drained.
You barely miss Ijyb.
Ijyb is severely wounded.
Ijyb hits you with a +4 dagger of draining.
* * * LOW HITPOINT WARNING * * *
You feel drained.
Ijyb hits you with a +4 dagger of draining.
* * * LOW HITPOINT WARNING * * *
You feel drained.
You hit Ijyb but do no damage.
Ijyb is severely wounded.
Ijyb barely misses you.
Ijyb hits you with a +4 dagger of draining.
* * * LOW HITPOINT WARNING * * *
You feel drained.
You're too confused to move!
Ijyb closely misses you.
Ijyb hits you with a +4 dagger of draining.
You die...

#..≈≈≈≈≈......########
...≈≈∩≈≈.......#.....###
...≈≈≈≈≈...†...#.≈≈≈...#
....≈≈≈.....$....≈_≈...#
.................≈≈≈...#
.......................#
#....$..........##.....##
..##.....g.##.#.##.<....#
. ..#...@.###...##.......
.....#....##...##.#+###+
...####.#.........# .
#...........#
######...... ......
###...


You could see Ijyb.

Vanquished Creatures
  An adder (D:2)
  2 river rats (D:3)
  2 worms (D:2)
  A dart slug (D:1)
  5 ball pythons
  5 endoplasms
  4 goblins
  3 hobgoblins (D:1)
  3 jackals (D:1)
  11 kobolds
  A quokka (D:1)
  4 bats
  4 frilled lizards
  5 rats
51 creatures vanquished.

Notes
Turn   | Place    | Note
-------+----------+-------------------------------------------
     0 | D:1      | SkeletonJelly the Minotaur Monk began the quest for the
                  | Orb.
     0 | D:1      | Reached XP level 1. HP: 19/19 MP: 0/0
    82 | D:1      | Reached skill level 4 in Long Blades
   160 | D:1      | Reached XP level 2. HP: 25/26 MP: 1/1
   364 | D:1      | Reached skill level 5 in Long Blades
   494 | D:1      | Reached XP level 3. HP: 13/31 MP: 2/2
  1001 | D:2      | Found an ancient bone altar of Kikubaaqudgha.
  1847 | D:2      | Reached skill level 6 in Long Blades
  1847 | D:2      | Reached XP level 4. HP: 36/39 MP: 3/3
  1874 | D:3      | Found a faded altar of an unknown god.
  1881 | D:3      | Became a worshipper of Trog the Wrathful
  1881 | D:3      | Reached * piety under Trog
  1881 | D:3      | Reached ** piety under Trog
  1891 | D:3      | Found a glowing drain.
  1898 | D:3      | Noticed Ijyb
  1932 | D:3      | Slain by Ijyb

Illustrated notes

Levels and vault maps discovered:
D:1:      matt_arrival_spirals, layout_rooms
D:2:      layout_basic, basic_altar, nrook_mini_vaults, interstate_on_off,
          hex_intersection
D:3:      layout_rooms, mainiacjoe_overflow_six_doors_small,
          hellmonk_ecumenical_altar_pennies_from_heaven, portal_sewer_entry_a,
          uniq_ijyb, uniq_sigmund

Skill      XL: |  1  2  3 |
---------------+----------+-----
Long Blades    | 4 5 6 |  6.2
Fighting       | |  3.6
Dodging        | |  3.2
Stealth        | |  1.5

Action                   |  1- 3 |  4- 6 || total
-------------------------+-------+-------++-------
Melee: Falchion          |    80 |    18 ||    98
       Headbutt          |    16 |     8 ||    24
Invok: Berserk           |       |     1 ||     1
 Stab: Sleeping          |     4 |       ||     4
Armor: Robe              |     6 |       ||     6
       Scale mail        |    15 |     5 ||    20
Dodge: Dodged            |    46 |    11 ||    57
       Rpst.: Falchion   |    16 |     2 ||    18
